 Dungeon Crawl Stone Soup version 0.22.1-2-g9c5b331 (webtiles) character file.

895 Velaskes the Firebug (level 7, -3/49 HPs)
             Began as a Demonspawn Fire Elementalist on Nov 20, 2018.
             Was an Initiate of Qazlal.
             Shot with an arrow by a centaur (11 damage)
             ... on level 7 of the Dungeon.
             The game lasted 00:27:34 (6543 turns).

Velaskes the Firebug (Demonspawn Fire Elementalist) Turns: 6543, Time: 00:27:35

Health: -3/49      AC:  4    Str: 14    XL:     7   Next: 78%
Magic:  2/14       EV: 13    Int: 18    God:    Qazlal [......]
Gold:   237        SH:  0    Dex: 13    Spells: 12/15 levels left

rFire    . . .     SeeInvis .   A - +2 quarterstaff (chaos)
rCold    . . .     Gourm    .   (shield currently unavailable)
rNeg     . . .     Faith    .   a - +0 robe
rPois    .         Spirit   .   l - +0 helmet
rElec    .         Reflect  .   i - +0 cloak
rCorr    .         Harm     .   (no gloves)
MR       +....                  (no boots)
Stlth    ++........             (no amulet)
HPRegen  0.16/turn              m - ring of protection from magic
MPRegen  0.14/turn              (no ring)

@: mighty, hasted, very quick
A: powered by death 3
a: Renounce Religion


You were on level 7 of the Dungeon.
You worshipped Qazlal.
Qazlal was noncommittal.
You were hungry.

You visited 1 branch of the dungeon, and saw 6 of its levels.

You collected 237 gold pieces.

Inventory:

Hand Weapons
 c - a +2 dagger of electrocution
 f - a +0 club
 A - a +2 quarterstaff of chaos (weapon)
Armour
 a - a +0 robe (worn)
 i - a +0 cloak (worn)
 l - a +0 helmet (worn)
 y - a +0 ring mail
Jewellery
 m - a ring of protection from magic (left hand)
Wands
 r - a wand of scattershot (5)
 u - a wand of enslavement (6)
 w - a wand of digging (3)
 C - a wand of paralysis (6)
Scrolls
 b - 5 scrolls of identify
 e - a scroll of enchant weapon
 g - 2 scrolls of immolation
 p - a scroll of random uselessness {unknown}
 s - a scroll of teleportation
 t - 3 scrolls of remove curse
 B - a scroll of amnesia {unknown}
Potions
 j - a potion of invisibility
 k - a potion of might
 o - 2 potions of curing
 v - a potion of agility {unknown}
 x - a potion of ambrosia {unknown}
 z - 2 potions of flight {unknown}
 D - a potion of brilliance {unknown}
Comestibles
 d - 5 rations


   Skills:
 + Level 1.7 Fighting
 + Level 1.0 Short Blades
 + Level 2.8 Dodging
 + Level 2.8 Stealth
 + Level 4.7 Spellcasting
 + Level 4.1 Conjurations
 + Level 4.8 Fire Magic


You had 12 spell levels left.
You knew the following spells:

 Your Spells              Type           Power        Failure   Level  Hunger
a - Flame Tongue          Conj/Fire      ###..        2%          1    None
b - Throw Flame           Conj/Fire      ###...       3%          2    #......

Your spell library contained the following spells:

 Spells                   Type           Power        Failure   Level  Hunger
 Conjure Flame            Conj/Fire      ###.....     6%          3    ###....
 Inner Flame              Hex/Fire       ##......     16%         3    ###....
 Sticky Flame             Conj/Fire      ###.....     22%         4    ####...
 Fireball                 Conj/Fire      ###.......   52%         5    ######.


Dungeon Overview and Level Annotations

Branches:
Dungeon (5/15)
 Temple: D:4-7

Altars:
Kikubaaqudgha
Qazlal

Annotations:
D:7 Joseph


Innate Abilities, Weirdness & Mutations

You regenerate a lot of health from kills.


Message History

Your surroundings suddenly seem different.
Found 14 gold pieces.
Found a stone staircase leading up. 2 orcs, an orc warrior and an orc priest come into view.
A centaur comes into view.
The orc moves out of view.
The orc priest moves out of view.
The orc moves out of view.
The orc warrior shouts!
You hear a shout!
The orc shouts!
You hear a shout! x2
The centaur wields a shortbow.
The centaur shoots an arrow.
The arrow hits you!
You see here an arrow.
You see here 14 gold pieces.
A centaur comes into view.
Found an escape hatch in the floor.
The centaur shouts!
The centaur wields a shortbow.
The centaur shoots an arrow.
The arrow misses you.
The centaur shoots an arrow.
The arrow hits you!
* * * LOW HITPOINT WARNING * * *
You see here an arrow.
The centaur shoots an arrow.
The arrow hits you!
You die...

#o##.#.# ##
#..#...## ...
##o##...##...
#(#.......#
#.........##
###.........
###########......##
#........(..$...##
#.c...@(........#
#.>.............#
#..................
#..........##.#.##..
#.............#.# #
##########...## .
##..# .# ..#


You could see a centaur.

Vanquished Creatures
  2 phantoms (D:5)
  2 ice beasts
  A centaur (D:4)
  A centaur zombie (D:4)
  A crimson imp (D:5)
  Crazy Yiuf (D:4)
  A centaur skeleton (D:4)
  Ijyb (D:5)
  Terence (D:2)
  An iguana (D:3)
  2 worker ant zombies (D:4)
  Robin (D:1)
  3 gnolls (D:5)
  8 adders
  An ooze (D:5)
  An adder zombie (D:4)
  An adder skeleton (D:4)
  3 worms
  3 dart slugs
  A leopard gecko (D:1)
  14 orcs
  7 bats
  5 giant cockroaches
  9 hobgoblins
  4 kobolds (D:1)
  6 frilled lizards
  A giant cockroach zombie (D:4)
  19 goblins
  A leopard gecko zombie (D:4)
  A quokka skeleton (D:4)
  A quokka zombie (D:4)
  7 rats
  A fungus (D:4)
112 creatures vanquished.

Vanquished Creatures (others)
  An orc (D:5)
1 creature vanquished.

Grand Total: 113 creatures vanquished

Notes
Turn   | Place    | Note
-------+----------+-------------------------------------------
     0 | D:1      | Velaskes the Demonspawn Fire Elementalist began the quest
                  | for the Orb.
     0 | D:1      | Reached XP level 1. HP: 13/13 MP: 3/3
   532 | D:1      | Gained mutation: You regenerate a little health from kills.
                  | [demonic ancestry]
   532 | D:1      | Reached XP level 2. HP: 12/19 MP: 1/5
  1346 | D:2      | Noticed Robin
  1394 | D:1      | Killed Robin
  1394 | D:1      | Reached XP level 3. HP: 15/25 MP: 0/6
  2397 | D:2      | Noticed Terence
  2407 | D:2      | Killed Terence
  2407 | D:2      | Gained mutation: You regenerate health from kills. [demonic
                  | ancestry]
  2407 | D:2      | Reached XP level 4. HP: 31/31 MP: 3/8
  2457 | D:2      | Reached skill level 1 in Fighting
  3372 | D:3      | Found an ancient bone altar of Kikubaaqudgha.
  3489 | D:3      | Reached XP level 5. HP: 37/37 MP: 6/9
  3495 | D:3      | Learned a level 2 spell: Throw Flame
  4611 | D:4      | Reached skill level 1 in Short Blades
  5084 | D:4      | Noticed Ijyb
  5113 | D:5      | Entered Level 5 of the Dungeon
  5127 | D:5      | Reached XP level 6. HP: 25/43 MP: 9/11
  5151 | D:5      | Killed Ijyb
  5601 | D:4      | Found a runed door.
  5605 | D:4      | Noticed Crazy Yiuf
  5611 | D:4      | Killed Crazy Yiuf
  5893 | D:4      | Gained mutation: You regenerate a lot of health from kills.
                  | [demonic ancestry]
  5893 | D:4      | Reached XP level 7. HP: 20/48 MP: 6/13
  6474 | D:5      | Found a stormy altar of Qazlal.
  6481 | D:5      | Became a worshipper of Qazlal Stormbringer
  6503 | D:5      | You fall through a shaft for 2 floors!
  6515 | D:7      | Noticed Joseph
  6543 | D:7      | Shot with an arrow by a centaur

Skill      XL: |  1  2  3  4  5  6  7 |
---------------+----------------------+-----
Fire Magic     | 3 4 |  4.8
Dodging        | 2 |  2.8
Fighting       | 1 |  1.7
Conjurations   | 2 3 4 |  4.1
Spellcasting   | 3 4 |  4.7
Stealth        | 2 |  2.8
Short Blades   | 1 |  1.0

Action                   |  1- 3 |  4- 6 |  7- 9 || total
-------------------------+-------+-------+-------++-------
Melee: Club              |    14 |       |       ||    14
       Dagger            |    13 |    65 |       ||    78
       Quarterstaff      |       |     7 |     4 ||    11
 Cast: Flame Tongue      |    64 |    91 |    35 ||   190
       Throw Flame       |       |    38 |    23 ||    61
  Use: Potion            |     4 |     3 |     6 ||    13
       Scroll            |     3 |     3 |     2 ||     8
 Stab: Sleeping          |       |     3 |       ||     3
  Eat: Ration            |     1 |     2 |       ||     3
       Chunk             |       |     8 |     1 ||     9
Armor: Robe              |    21 |    25 |     4 ||    50
Dodge: Dodged            |    78 |    69 |    23 ||   170
